[ PARTIDA AOE2 · #475881014 ]
UnrankedEtíopes vs Romans
[ ANÁLISIS DE REPETICIÓN · EXTRAÍDO DE LA PARTIDA GRABADA ]
Feudal
—
Castillos
—
Imperial
—
| APM promedio | 31.3 |
| APM pico | 164 |
| eAPM promedio | 16.8 |
| Aldeanos / militares | 84 / 75 |
Foco
⚔️ 21.8% · 🌾 78.2%
Archer ×74 · Spearman ×1
Feudal
—
Castillos
—
Imperial
—
| APM promedio | 57.1 |
| APM pico | 101 |
| eAPM promedio | 18.5 |
| Aldeanos / militares | 79 / 50 |
Foco
⚔️ 30.1% · 🌾 69.9%
Archer ×31 · Knight ×17 · Spearman ×2
Feudal
—
Castillos
—
Imperial
—
| APM promedio | 14.8 |
| APM pico | 36 |
| eAPM promedio | 10.1 |
| Aldeanos / militares | 50 / 46 |
Foco
⚔️ 34.2% · 🌾 65.8%
Boyar ×22 · Scout Cavalry ×16 · Knight ×8
Feudal
—
Castillos
—
Imperial
—
| APM promedio | 17.1 |
| APM pico | 65 |
| eAPM promedio | 9.6 |
| Aldeanos / militares | 81 / 47 |
Foco
⚔️ 18.9% · 🌾 81.1%
Steppe Lancer ×31 · Scout Cavalry ×12 · Spearman ×4
Feudal
—
Castillos
—
Imperial
—
| APM promedio | 18.1 |
| APM pico | 65 |
| eAPM promedio | 7.5 |
| Aldeanos / militares | 42 / 27 |
Foco
⚔️ 27.5% · 🌾 72.5%
Skirmisher ×16 · Archer ×11
Feudal
—
Castillos
—
Imperial
—
| APM promedio | 62.8 |
| APM pico | 152 |
| eAPM promedio | 16.2 |
| Aldeanos / militares | 86 / 74 |
Foco
⚔️ 27.6% · 🌾 72.4%
Cavalry Archer ×55 · Skirmisher ×10 · Archer ×5 · Scout Cavalry ×3 · Spearman ×1
Mapa de la partida
Recursos iniciales + cada clic de construcción. Líneas = muros · curvas = relieve. ◆ oro · ⬟ piedra · ● bayas · ✦ reliquia · ◌ hueco del cierre
Tu base· ✓ Cerrada en 20:23 · 44t muro · 1 puerta(s)
Base de eS l Joe· Abierta — hueco de 8t
Base de kiff57· Abierta — hueco de 7t
Base de ZyTeK 23· Abierta — flanco sin cerrar
Base de vN eRaaz· Abierta — hueco de 5t
Base de x FalKo i· Abierta — hueco de 6t
Terreno inicial suavizado · ◌ = hueco del cierre detectado · pasá el cursor para detalles
Inputs por minuto
— Saymyname3451 - - eS l Joe
Build order — Saymyname3451
Primeras 150 de 257 acciones detectadas
| 0:02 | Crear | Villager (Male) ×4 |
| 0:05 | Construir | House |
| 0:07 | Construir | House |
| 1:26 | Crear | Villager (Male) |
| 1:51 | Construir | Lumber Camp |
| 1:55 | Crear | Villager (Male) |
| 2:22 | Crear | Villager (Male) |
| 2:42 | Crear | Villager (Male) |
| 3:16 | Crear | Villager (Male) |
| 3:23 | Construir | House |
| 3:36 | Crear | Villager (Male) |
| 3:54 | Crear | Villager (Male) |
| 4:33 | Crear | Villager (Male) |
| 4:33 | Crear | Villager (Male) |
| 5:08 | Crear | Villager (Male) |
| 5:08 | Crear | Villager (Male) |
| 5:08 | Crear | Villager (Male) |
| 5:39 | Investigar | Loom |
| 6:06 | Construir | Mining Camp |
| 6:48 | Investigar | Feudal Age |
| 7:39 | Construir | Barracks |
| 7:41 | Construir | House |
| 7:52 | Crear | Villager (Male) |
| 7:52 | Crear | Villager (Male) |
| 8:15 | Construir | Mill |
| 9:08 | Construir | Archery Range |
| 9:10 | Construir | House |
| 9:42 | Crear | Villager (Male) |
| 9:45 | Investigar | Double-Bit Axe |
| 9:50 | Crear | Archer ×3 |
| 9:50 | Crear | Archer |
| 10:03 | Construir | House |
| 10:17 | Construir | Palisade Wall |
| 10:22 | Crear | Archer ×3 |
| 10:22 | Crear | Archer |
| 10:32 | Crear | Villager (Male) |
| 10:32 | Crear | Villager (Male) |
| 10:43 | Crear | Spearman |
| 11:03 | Construir | Lumber Camp |
| 11:05 | Crear | Villager (Male) |
| 11:20 | Construir | House |
| 11:31 | Construir | Palisade Wall |
| 11:41 | Construir | Palisade Wall |
| 11:49 | Crear | Villager (Male) |
| 11:50 | Crear | Villager (Male) |
| 11:55 | Crear | Archer ×2 |
| 11:55 | Crear | Archer |
| 12:32 | Crear | Villager (Male) |
| 12:43 | Construir | Blacksmith |
| 12:45 | Construir | House |
| 12:46 | Construir | House |
| 12:53 | Construir | Palisade Wall |
| 12:56 | Construir | Palisade Wall |
| 12:59 | Crear | Villager (Male) |
| 13:10 | Construir | Archery Range |
| 13:18 | Crear | Villager (Male) |
| 13:18 | Crear | Villager (Male) |
| 13:34 | Construir | Mill |
| 13:35 | Crear | Villager (Male) |
| 14:16 | Construir | Farm |
| 14:17 | Construir | Farm |
| 14:42 | Crear | Archer |
| 14:42 | Crear | Archer |
| 14:55 | Crear | Archer ×6 |
| 14:55 | Crear | Archer |
| 14:58 | Crear | Villager (Male) |
| 15:03 | Construir | Farm |
| 15:37 | Investigar | Fletching |
| 15:45 | Construir | Farm |
| 15:45 | Construir | Farm |
| 15:45 | Construir | Farm |
| 16:47 | Crear | Villager (Male) |
| 16:47 | Crear | Villager (Male) |
| 16:54 | Construir | Farm |
| 16:54 | Construir | Farm |
| 17:06 | Construir | Palisade Gate |
| 17:09 | Construir | House |
| 17:12 | Construir | Palisade Wall |
| 17:14 | Crear | Villager (Male) |
| 17:22 | Construir | Farm |
| 17:28 | Crear | Archer ×6 |
| 17:28 | Crear | Archer |
| 17:46 | Crear | Villager (Male) |
| 17:49 | Investigar | Wheelbarrow |
| 18:24 | Crear | Archer |
| 18:24 | Crear | Archer |
| 18:34 | Construir | House |
| 18:43 | Construir | House |
| 18:45 | Crear | Villager (Male) |
| 18:49 | Crear | Archer ×6 |
| 18:49 | Crear | Archer |
| 19:09 | Construir | Farm |
| 19:09 | Construir | Farm |
| 19:10 | Construir | Farm |
| 19:43 | Construir | Farm |
| 19:46 | Crear | Villager (Male) |
| 20:01 | Construir | Farm |
| 20:02 | Construir | Farm |
| 20:07 | Crear | Archer |
| 20:08 | Crear | Archer |
| 20:23 | Investigar | Castle Age |
| 20:31 | Construir | Lumber Camp |
| 22:03 | Crear | Archer ×8 |
| 22:03 | Crear | Archer |
| 22:13 | Crear | Villager (Male) |
| 22:13 | Crear | Villager (Male) |
| 22:23 | Construir | House |
| 22:26 | Construir | House |
| 22:28 | Construir | House |
| 22:46 | Investigar | Padded Archer Armor |
| 23:05 | Investigar | Crossbowman (upgrade) |
| 23:07 | Investigar | Thumb Ring |
| 23:10 | Investigar | Bodkin Arrow |
| 23:20 | Construir | Town Center |
| 23:26 | Crear | Archer |
| 23:26 | Crear | Archer |
| 23:40 | Crear | Villager (Male) ×3 |
| 23:54 | Construir | Lumber Camp |
| 24:00 | Construir | House |
| 24:09 | Crear | Villager (Male) |
| 24:48 | Crear | Villager (Male) |
| 24:51 | Investigar | Bow Saw |
| 25:40 | Construir | University |
| 25:41 | Crear | Villager (Male) |
| 25:42 | Crear | Villager (Male) |
| 26:10 | Crear | Villager (Male) |
| 26:10 | Crear | Villager (Male) |
| 26:34 | Construir | House |
| 26:37 | Construir | House |
| 26:39 | Construir | House |
| 26:42 | Investigar | Ballistics |
| 26:44 | Crear | Villager (Male) ×10 |
| 26:44 | Crear | Villager (Male) |
| 26:49 | Crear | Archer ×8 |
| 27:16 | Crear | Archer ×6 |
| 27:17 | Crear | Archer |
| 27:19 | Crear | Villager (Male) ×3 |
| 28:47 | Construir | Archery Range |
| 28:50 | Construir | Archery Range |
| 28:56 | Crear | Archer |
| 28:56 | Crear | Archer |
| 29:02 | Crear | Villager (Male) ×11 |
| 29:02 | Crear | Villager (Male) |
| 29:21 | Crear | Villager (Male) ×2 |
| 29:21 | Crear | Villager (Male) |
| 30:06 | Construir | Archery Range |
| 30:09 | Crear | Villager (Male) |
| 30:09 | Crear | Villager (Male) |
| 30:15 | Crear | Archer ×8 |
| 30:32 | Construir | Farm |
Build order — eS l Joe
Primeras 150 de 206 acciones detectadas
| 0:00 | Crear | Villager (Male) |
| 0:02 | Construir | House |
| 0:03 | Construir | House |
| 0:20 | Crear | Villager (Male) |
| 0:20 | Crear | Villager (Male) |
| 0:20 | Crear | Villager (Male) |
| 1:29 | Crear | Villager (Male) |
| 1:53 | Construir | Lumber Camp |
| 1:58 | Crear | Villager (Male) |
| 2:24 | Crear | Villager (Male) |
| 3:00 | Crear | Villager (Male) |
| 3:01 | Crear | Villager (Male) |
| 3:01 | Crear | Villager (Male) |
| 3:09 | Construir | House |
| 3:37 | Crear | Villager (Male) |
| 3:51 | Crear | Villager (Male) |
| 3:58 | Construir | Mill |
| 4:21 | Crear | Villager (Male) |
| 4:48 | Crear | Villager (Male) |
| 4:49 | Crear | Villager (Male) |
| 5:26 | Crear | Villager (Male) |
| 5:34 | Construir | House |
| 6:03 | Crear | Villager (Male) |
| 6:23 | Investigar | Loom |
| 6:57 | Construir | Mill |
| 7:00 | Investigar | Feudal Age |
| 8:06 | Construir | Barracks |
| 8:19 | Construir | Mining Camp |
| 8:38 | Construir | House |
| 8:53 | Crear | Villager (Male) |
| 8:53 | Crear | Villager (Male) |
| 9:28 | Construir | Archery Range |
| 9:36 | Crear | Villager (Male) |
| 10:05 | Construir | Archery Range |
| 10:10 | Investigar | Double-Bit Axe |
| 10:36 | Crear | Villager (Male) |
| 10:37 | Crear | Archer |
| 10:45 | Construir | House |
| 10:47 | Construir | House |
| 10:56 | Crear | Spearman |
| 10:56 | Crear | Spearman |
| 11:04 | Crear | Archer |
| 11:04 | Crear | Archer |
| 11:09 | Crear | Villager (Male) |
| 11:28 | Crear | Archer |
| 11:32 | Crear | Villager (Male) |
| 11:49 | Crear | Archer |
| 11:54 | Construir | Blacksmith |
| 12:09 | Construir | Palisade Wall |
| 12:11 | Construir | Palisade Wall |
| 12:12 | Construir | Palisade Wall |
| 12:15 | Crear | Villager (Male) |
| 12:17 | Crear | Archer |
| 12:39 | Crear | Villager (Male) |
| 12:48 | Construir | House |
| 13:09 | Construir | Palisade Gate |
| 13:10 | Crear | Villager (Male) |
| 13:10 | Crear | Villager (Male) |
| 13:11 | Crear | Archer |
| 13:11 | Crear | Archer |
| 13:15 | Crear | Archer |
| 13:37 | Crear | Villager (Male) |
| 13:39 | Construir | Farm |
| 13:39 | Construir | Farm |
| 13:39 | Construir | Farm |
| 13:40 | Construir | Farm |
| 13:53 | Crear | Archer |
| 14:03 | Construir | Farm |
| 14:08 | Investigar | Fletching |
| 14:18 | Crear | Villager (Male) |
| 14:23 | Construir | Farm |
| 14:35 | Crear | Archer |
| 14:38 | Construir | Farm |
| 14:42 | Construir | House |
| 15:07 | Crear | Archer |
| 15:10 | Crear | Villager (Male) |
| 15:18 | Crear | Villager (Male) |
| 15:25 | Crear | Archer |
| 15:40 | Crear | Villager (Male) |
| 15:40 | Crear | Villager (Male) |
| 15:46 | Construir | Farm |
| 16:02 | Crear | Archer |
| 16:18 | Crear | Villager (Male) |
| 16:19 | Crear | Villager (Male) |
| 16:36 | Crear | Villager (Male) |
| 16:36 | Crear | Villager (Male) |
| 16:39 | Crear | Villager (Male) |
| 16:45 | Construir | Farm |
| 16:46 | Construir | Farm |
| 16:48 | Construir | Farm |
| 16:48 | Construir | Farm |
| 16:48 | Construir | Farm |
| 16:49 | Construir | Farm |
| 17:07 | Construir | Farm |
| 17:19 | Investigar | Padded Archer Armor |
| 17:36 | Construir | House |
| 17:37 | Construir | House |
| 17:40 | Construir | Farm |
| 17:51 | Construir | House |
| 18:21 | Construir | House |
| 18:21 | Crear | Villager (Male) |
| 18:25 | Construir | Farm |
| 18:51 | Construir | Farm |
| 18:55 | Construir | Farm |
| 19:24 | Crear | Villager (Male) |
| 19:25 | Crear | Villager (Male) |
| 19:28 | Construir | Farm |
| 19:32 | Construir | Farm |
| 19:58 | Investigar | Castle Age |
| 20:05 | Construir | Stable |
| 20:23 | Investigar | Gold Mining |
| 20:52 | Investigar | Bloodlines |
| 21:18 | Investigar | Scale Barding Armor |
| 21:44 | Construir | Stable |
| 21:48 | Investigar | Horse Collar |
| 21:53 | Investigar | Wheelbarrow |
| 21:57 | Construir | Farm |
| 22:42 | Investigar | Crossbowman (upgrade) |
| 22:44 | Crear | Knight |
| 22:44 | Crear | Knight |
| 22:45 | Crear | Villager (Male) |
| 22:49 | Construir | Farm |
| 23:07 | Crear | Knight |
| 23:07 | Crear | Knight |
| 23:18 | Construir | Lumber Camp |
| 23:33 | Crear | Villager (Male) |
| 23:33 | Crear | Villager (Male) |
| 23:49 | Crear | Knight |
| 23:50 | Crear | Villager (Male) |
| 23:50 | Crear | Villager (Male) |
| 23:51 | Crear | Archer |
| 23:52 | Crear | Archer |
| 24:39 | Crear | Villager (Male) |
| 24:40 | Crear | Villager (Male) |
| 24:40 | Crear | Villager (Male) |
| 24:41 | Crear | Knight |
| 24:41 | Crear | Knight |
| 25:06 | Crear | Archer |
| 25:06 | Crear | Archer |
| 25:10 | Crear | Villager (Male) |
| 25:11 | Crear | Villager (Male) |
| 25:15 | Construir | Farm |
| 25:18 | Construir | Farm |
| 25:21 | Construir | Farm |
| 25:22 | Investigar | Heavy Plow |
| 25:26 | Investigar | Bow Saw |
| 25:36 | Crear | Archer |
| 25:37 | Crear | Archer |
| 25:37 | Crear | Archer |
| 25:38 | Crear | Villager (Male) |
Build order — kiff57
Primeras 150 de 166 acciones detectadas
| 0:01 | Crear | Villager (Male) |
| 0:01 | Crear | Villager (Male) |
| 0:04 | Construir | House |
| 0:07 | Construir | House |
| 0:08 | Construir | House |
| 0:43 | Crear | Villager (Male) |
| 1:19 | Crear | Villager (Male) |
| 1:50 | Crear | Villager (Male) |
| 2:17 | Crear | Villager (Male) |
| 2:18 | Crear | Villager (Male) |
| 2:50 | Crear | Villager (Male) |
| 3:25 | Crear | Villager (Male) |
| 3:57 | Crear | Villager (Male) |
| 3:57 | Crear | Villager (Male) |
| 4:27 | Crear | Villager (Male) |
| 4:27 | Crear | Villager (Male) |
| 5:19 | Construir | Mill |
| 5:23 | Crear | Villager (Male) |
| 5:49 | Crear | Villager (Male) |
| 6:13 | Crear | Villager (Male) |
| 6:14 | Crear | Villager (Male) |
| 6:58 | Investigar | Loom |
| 7:06 | Construir | House |
| 7:46 | Crear | Villager (Male) |
| 7:54 | Construir | Lumber Camp |
| 8:23 | Investigar | Feudal Age |
| 8:47 | Construir | Mill |
| 9:00 | Construir | House |
| 9:49 | Construir | House |
| 9:55 | Crear | Villager (Male) |
| 10:10 | Construir | Barracks |
| 10:37 | Crear | Villager (Male) |
| 11:02 | Construir | Stable |
| 11:05 | Crear | Villager (Male) |
| 11:28 | Construir | Farm |
| 11:41 | Investigar | Double-Bit Axe |
| 11:43 | Crear | Scout Cavalry |
| 11:44 | Crear | Scout Cavalry |
| 11:47 | Crear | Villager (Male) |
| 11:47 | Crear | Villager (Male) |
| 12:06 | Crear | Scout Cavalry |
| 12:14 | Crear | Villager (Male) |
| 12:32 | Construir | Farm |
| 12:32 | Construir | Farm |
| 12:36 | Crear | Scout Cavalry |
| 12:44 | Construir | House |
| 12:48 | Construir | House |
| 12:55 | Crear | Villager (Male) |
| 13:09 | Construir | Mining Camp |
| 13:15 | Crear | Villager (Male) |
| 13:34 | Construir | Blacksmith |
| 13:36 | Crear | Villager (Male) |
| 13:40 | Crear | Scout Cavalry |
| 13:52 | Crear | Villager (Male) |
| 13:59 | Construir | Farm |
| 14:13 | Construir | Farm |
| 14:15 | Crear | Villager (Male) |
| 14:20 | Crear | Scout Cavalry |
| 15:03 | Investigar | Forging |
| 15:09 | Construir | House |
| 15:36 | Crear | Villager (Male) |
| 15:41 | Construir | Farm |
| 15:41 | Construir | Farm |
| 15:41 | Construir | Farm |
| 15:42 | Construir | Farm |
| 15:42 | Construir | Farm |
| 15:53 | Crear | Villager (Male) |
| 15:53 | Crear | Villager (Male) |
| 16:33 | Construir | Farm |
| 16:34 | Construir | Farm |
| 16:34 | Construir | Farm |
| 16:35 | Construir | Farm |
| 16:35 | Construir | Farm |
| 16:41 | Construir | House |
| 16:44 | Construir | House |
| 16:46 | Investigar | Scale Barding Armor |
| 16:59 | Construir | Farm |
| 16:59 | Construir | Farm |
| 17:06 | Crear | Villager (Male) |
| 17:09 | Crear | Villager (Male) |
| 17:24 | Construir | Palisade Wall |
| 17:36 | Crear | Scout Cavalry |
| 17:56 | Crear | Villager (Male) |
| 18:04 | Construir | Farm |
| 18:06 | Crear | Scout Cavalry |
| 18:07 | Crear | Scout Cavalry |
| 18:16 | Construir | Stable |
| 18:23 | Crear | Scout Cavalry |
| 18:28 | Crear | Villager (Male) |
| 18:33 | Construir | Farm |
| 18:45 | Crear | Scout Cavalry |
| 18:58 | Crear | Scout Cavalry |
| 19:11 | Crear | Scout Cavalry |
| 19:18 | Construir | Farm |
| 19:22 | Crear | Villager (Male) |
| 19:24 | Crear | Villager (Male) |
| 19:37 | Construir | Lumber Camp |
| 19:48 | Crear | Scout Cavalry |
| 19:48 | Crear | Scout Cavalry |
| 20:05 | Construir | House |
| 20:07 | Construir | House |
| 20:12 | Crear | Villager (Male) |
| 20:13 | Crear | Villager (Male) |
| 20:33 | Construir | Farm |
| 20:37 | Investigar | Bloodlines |
| 20:39 | Crear | Scout Cavalry |
| 20:54 | Construir | Farm |
| 20:56 | Crear | Villager (Male) |
| 21:02 | Construir | House |
| 22:11 | Crear | Villager (Male) |
| 22:11 | Crear | Villager (Male) |
| 22:18 | Construir | House |
| 22:20 | Construir | House |
| 22:23 | Construir | House |
| 22:25 | Construir | House |
| 22:58 | Investigar | Castle Age |
| 23:22 | Construir | Mining Camp |
| 23:39 | Investigar | Gold Mining |
| 24:00 | Construir | Archery Range |
| 24:07 | Construir | Archery Range |
| 24:18 | Construir | Palisade Wall |
| 24:27 | Construir | Farm |
| 24:27 | Construir | Farm |
| 25:42 | Crear | Villager (Male) |
| 25:47 | Crear | Knight |
| 25:48 | Crear | Knight |
| 25:48 | Crear | Knight |
| 25:48 | Crear | Knight |
| 26:11 | Investigar | Chain Barding Armor |
| 26:17 | Crear | Villager (Male) |
| 26:17 | Crear | Villager (Male) |
| 26:19 | Crear | Villager (Male) |
| 26:27 | Crear | Knight |
| 26:27 | Crear | Knight |
| 27:23 | Crear | Knight |
| 27:38 | Construir | Castle |
| 27:47 | Crear | Knight |
| 29:12 | Construir | Palisade Gate |
| 29:14 | Crear | Villager (Male) |
| 29:15 | Crear | Villager (Male) |
| 29:15 | Crear | Villager (Male) |
| 29:57 | Crear | Boyar |
| 30:11 | Crear | Boyar |
| 30:27 | Construir | House |
| 30:31 | Construir | House |
| 30:43 | Crear | Boyar |
| 31:16 | Construir | Market |
| 31:52 | Crear | Boyar |
| 31:52 | Crear | Boyar |
| 31:52 | Crear | Boyar |
Build order — ZyTeK 23
Primeras 150 de 224 acciones detectadas
| 0:01 | Crear | Villager (Male) |
| 0:01 | Crear | Villager (Male) |
| 0:01 | Crear | Villager (Male) |
| 0:02 | Crear | Villager (Male) |
| 0:05 | Construir | House |
| 0:10 | Construir | House |
| 1:30 | Crear | Villager (Male) |
| 2:02 | Crear | Villager (Male) |
| 2:24 | Construir | Lumber Camp |
| 2:31 | Investigar | Loom |
| 2:59 | Crear | Villager (Male) |
| 3:00 | Crear | Villager (Male) |
| 3:11 | Construir | House |
| 3:46 | Crear | Villager (Male) |
| 3:46 | Crear | Villager (Male) |
| 3:58 | Crear | Villager (Male) |
| 4:30 | Crear | Villager (Male) |
| 5:20 | Crear | Villager (Male) |
| 5:39 | Construir | House |
| 5:42 | Crear | Villager (Male) |
| 5:59 | Construir | Mill |
| 6:20 | Crear | Villager (Male) |
| 6:44 | Crear | Villager (Male) |
| 7:15 | Crear | Villager (Male) |
| 7:42 | Investigar | Feudal Age |
| 8:15 | Construir | House |
| 8:33 | Construir | Barracks |
| 9:40 | Crear | Villager (Male) |
| 9:51 | Crear | Villager (Male) |
| 10:00 | Construir | Blacksmith |
| 10:18 | Construir | Stable |
| 10:29 | Crear | Villager (Male) |
| 11:12 | Construir | House |
| 11:14 | Crear | Villager (Male) |
| 11:16 | Crear | Scout Cavalry |
| 11:16 | Crear | Scout Cavalry |
| 11:17 | Crear | Scout Cavalry |
| 11:17 | Crear | Scout Cavalry |
| 11:25 | Investigar | Forging |
| 11:46 | Construir | Mill |
| 11:48 | Crear | Villager (Male) |
| 11:48 | Crear | Villager (Male) |
| 12:13 | Construir | Mining Camp |
| 12:20 | Construir | Farm |
| 12:21 | Construir | Farm |
| 12:21 | Construir | Farm |
| 12:21 | Construir | Farm |
| 12:24 | Crear | Villager (Male) |
| 12:31 | Construir | House |
| 12:34 | Crear | Villager (Male) |
| 12:56 | Construir | Farm |
| 13:13 | Construir | Farm |
| 13:21 | Crear | Villager (Male) |
| 13:32 | Crear | Villager (Male) |
| 13:38 | Construir | House |
| 13:53 | Crear | Villager (Male) |
| 13:59 | Construir | Farm |
| 14:04 | Construir | Farm |
| 14:10 | Crear | Scout Cavalry |
| 14:30 | Construir | Farm |
| 14:41 | Crear | Villager (Male) |
| 14:48 | Crear | Scout Cavalry |
| 15:04 | Crear | Villager (Male) |
| 15:13 | Construir | Palisade Wall |
| 15:20 | Crear | Villager (Male) |
| 15:20 | Crear | Villager (Male) |
| 15:24 | Construir | Farm |
| 15:27 | Construir | Farm |
| 16:24 | Crear | Villager (Male) |
| 16:30 | Investigar | Bloodlines |
| 16:37 | Construir | Stable |
| 16:49 | Crear | Villager (Male) |
| 16:49 | Crear | Villager (Male) |
| 16:51 | Investigar | Horse Collar |
| 16:57 | Construir | House |
| 16:58 | Construir | House |
| 17:00 | Construir | House |
| 17:06 | Crear | Scout Cavalry |
| 17:06 | Crear | Scout Cavalry |
| 17:22 | Construir | House |
| 17:24 | Construir | House |
| 17:26 | Construir | House |
| 17:37 | Construir | Farm |
| 17:39 | Investigar | Wheelbarrow |
| 17:48 | Crear | Villager (Male) |
| 18:34 | Construir | House |
| 18:36 | Construir | House |
| 18:45 | Crear | Scout Cavalry |
| 18:46 | Crear | Scout Cavalry |
| 18:46 | Crear | Scout Cavalry |
| 18:47 | Crear | Scout Cavalry |
| 18:52 | Construir | Farm |
| 18:53 | Construir | Farm |
| 18:53 | Construir | Farm |
| 18:53 | Construir | Farm |
| 18:53 | Construir | Farm |
| 18:54 | Construir | Farm |
| 18:54 | Construir | Farm |
| 18:54 | Construir | Farm |
| 18:54 | Construir | Farm |
| 18:55 | Construir | Farm |
| 18:55 | Construir | Farm |
| 19:01 | Construir | Farm |
| 19:01 | Construir | Farm |
| 19:02 | Construir | Farm |
| 19:02 | Construir | Farm |
| 19:02 | Construir | Farm |
| 19:03 | Construir | Farm |
| 19:03 | Construir | Farm |
| 19:03 | Construir | Farm |
| 19:03 | Construir | Farm |
| 19:04 | Construir | Farm |
| 19:17 | Investigar | Double-Bit Axe |
| 19:27 | Construir | Lumber Camp |
| 19:55 | Crear | Villager (Male) |
| 19:56 | Crear | Villager (Male) |
| 20:03 | Investigar | Scale Barding Armor |
| 20:21 | Crear | Villager (Male) |
| 20:32 | Construir | Farm |
| 20:32 | Construir | Farm |
| 20:33 | Construir | Farm |
| 20:33 | Construir | Farm |
| 20:33 | Construir | Farm |
| 20:54 | Crear | Spearman |
| 20:55 | Crear | Spearman |
| 20:55 | Crear | Spearman |
| 20:56 | Crear | Spearman |
| 21:11 | Crear | Villager (Male) |
| 21:13 | Crear | Villager (Male) |
| 21:16 | Construir | Farm |
| 21:58 | Crear | Villager (Male) |
| 22:46 | Crear | Villager (Male) |
| 22:53 | Construir | Market |
| 22:58 | Construir | Blacksmith |
| 23:12 | Crear | Villager (Male) |
| 23:18 | Construir | House |
| 23:27 | Investigar | Castle Age |
| 23:38 | Construir | Mining Camp |
| 23:47 | Construir | Lumber Camp |
| 24:39 | Construir | Stable |
| 24:43 | Investigar | Fletching |
| 24:57 | Investigar | Stone Mining |
| 24:58 | Investigar | Gold Mining |
| 25:55 | Construir | House |
| 26:14 | Crear | Villager (Male) |
| 26:15 | Crear | Villager (Male) |
| 26:15 | Crear | Villager (Male) |
| 26:16 | Crear | Villager (Male) |
| 26:16 | Crear | Villager (Male) |
| 26:22 | Construir | Town Center |
Build order — vN eRaaz
125 acciones detectadas en el replay
| 0:01 | Crear | Villager (Male) |
| 0:02 | Crear | Villager (Male) |
| 0:02 | Crear | Villager (Male) |
| 0:02 | Crear | Villager (Male) |
| 0:02 | Crear | Villager (Male) |
| 0:05 | Construir | House |
| 0:08 | Construir | House |
| 1:16 | Crear | Villager (Male) |
| 1:50 | Construir | Lumber Camp |
| 2:01 | Crear | Villager (Male) |
| 2:20 | Construir | House |
| 2:25 | Crear | Villager (Male) |
| 2:57 | Crear | Villager (Male) |
| 3:04 | Crear | Villager (Male) |
| 3:46 | Crear | Villager (Male) |
| 4:02 | Crear | Villager (Male) |
| 4:02 | Crear | Villager (Male) |
| 4:18 | Crear | Villager (Male) |
| 4:43 | Construir | Mill |
| 4:54 | Crear | Villager (Male) |
| 5:18 | Crear | Villager (Male) |
| 5:19 | Crear | Villager (Male) |
| 5:49 | Crear | Villager (Male) |
| 6:15 | Investigar | Loom |
| 7:03 | Investigar | Feudal Age |
| 7:33 | Construir | Barracks |
| 7:35 | Construir | House |
| 7:54 | Crear | Villager (Male) |
| 7:54 | Crear | Villager (Male) |
| 8:09 | Construir | Mining Camp |
| 9:23 | Construir | Archery Range |
| 9:29 | Construir | House |
| 9:36 | Construir | Palisade Wall |
| 9:39 | Investigar | Double-Bit Axe |
| 9:48 | Crear | Villager (Male) |
| 10:05 | Construir | Archery Range |
| 10:15 | Crear | Skirmisher |
| 10:15 | Crear | Skirmisher |
| 10:31 | Construir | Palisade Wall |
| 10:43 | Construir | House |
| 10:52 | Construir | Palisade Wall |
| 10:55 | Crear | Villager (Male) |
| 11:01 | Crear | Archer |
| 11:01 | Crear | Archer |
| 11:01 | Crear | Archer |
| 11:02 | Crear | Archer |
| 11:18 | Construir | House |
| 11:25 | Crear | Villager (Male) |
| 11:28 | Crear | Archer |
| 11:38 | Construir | Farm |
| 11:42 | Construir | Farm |
| 11:47 | Construir | Farm |
| 11:50 | Crear | Villager (Male) |
| 12:09 | Crear | Skirmisher |
| 12:16 | Construir | Farm |
| 12:34 | Crear | Skirmisher |
| 12:45 | Construir | House |
| 12:50 | Construir | Farm |
| 12:55 | Construir | Farm |
| 13:03 | Crear | Skirmisher |
| 13:05 | Crear | Archer |
| 13:31 | Construir | Farm |
| 13:40 | Construir | Farm |
| 13:46 | Construir | Farm |
| 14:05 | Construir | Farm |
| 14:52 | Crear | Villager (Male) |
| 14:53 | Crear | Villager (Male) |
| 14:53 | Crear | Villager (Male) |
| 15:00 | Construir | Farm |
| 15:10 | Crear | Villager (Male) |
| 15:17 | Construir | Lumber Camp |
| 16:46 | Crear | Archer ×5 |
| 16:48 | Crear | Villager (Male) |
| 16:49 | Crear | Villager (Male) |
| 16:54 | Construir | House |
| 17:02 | Construir | Farm |
| 17:04 | Construir | Farm |
| 17:30 | Construir | Blacksmith |
| 17:37 | Crear | Skirmisher |
| 17:37 | Crear | Skirmisher |
| 17:37 | Crear | Skirmisher |
| 17:48 | Crear | Villager (Male) |
| 17:48 | Crear | Villager (Male) |
| 17:57 | Construir | Lumber Camp |
| 18:13 | Crear | Skirmisher |
| 18:48 | Investigar | Fletching |
| 18:56 | Crear | Skirmisher |
| 18:56 | Crear | Skirmisher |
| 19:13 | Construir | House |
| 19:16 | Construir | House |
| 19:47 | Construir | Farm |
| 19:49 | Construir | Farm |
| 19:50 | Construir | Farm |
| 20:05 | Construir | Market |
| 20:07 | Construir | House |
| 20:15 | Construir | House |
| 20:17 | Crear | Villager (Male) |
| 20:17 | Crear | Villager (Male) |
| 20:17 | Crear | Villager (Male) |
| 20:21 | Investigar | Wheelbarrow |
| 20:22 | Crear | Villager (Male) |
| 20:22 | Crear | Villager (Male) |
| 20:57 | Crear | Villager (Male) |
| 21:14 | Construir | Stable |
| 21:16 | Construir | House |
| 21:40 | Crear | Villager (Male) |
| 22:11 | Construir | Archery Range |
| 23:03 | Investigar | Castle Age |
| 23:08 | Crear | Skirmisher |
| 23:31 | Construir | Farm |
| 23:31 | Construir | Farm |
| 23:32 | Construir | Farm |
| 23:32 | Construir | Farm |
| 23:33 | Construir | Farm |
| 23:35 | Investigar | Horse Collar |
| 23:49 | Construir | House |
| 23:56 | Crear | Villager (Male) |
| 23:56 | Crear | Villager (Male) |
| 24:07 | Crear | Skirmisher |
| 24:08 | Crear | Skirmisher |
| 24:29 | Crear | Villager (Male) |
| 25:05 | Construir | Mill |
| 25:11 | Crear | Skirmisher |
| 25:11 | Crear | Skirmisher |
| 25:35 | Investigar | Padded Archer Armor |
Build order — x FalKo i
Primeras 150 de 206 acciones detectadas
| 0:01 | Crear | Villager (Male) |
| 0:01 | Crear | Villager (Male) |
| 0:08 | Crear | Villager (Male) |
| 0:23 | Crear | Villager (Male) |
| 1:29 | Crear | Villager (Male) |
| 2:00 | Construir | Lumber Camp |
| 2:04 | Crear | Villager (Male) |
| 2:20 | Crear | Villager (Male) |
| 2:52 | Crear | Villager (Male) |
| 3:16 | Crear | Villager (Male) |
| 3:16 | Crear | Villager (Male) |
| 3:17 | Crear | Villager (Male) |
| 4:00 | Crear | Villager (Male) |
| 4:00 | Crear | Villager (Male) |
| 4:16 | Crear | Villager (Male) |
| 4:27 | Crear | Villager (Male) |
| 5:03 | Construir | Mill |
| 5:18 | Crear | Villager (Male) |
| 5:39 | Crear | Villager (Male) |
| 6:06 | Investigar | Loom |
| 7:04 | Investigar | Feudal Age |
| 7:12 | Construir | Mill |
| 7:47 | Crear | Villager (Male) |
| 8:20 | Crear | Villager (Male) |
| 8:25 | Construir | Barracks |
| 9:28 | Construir | Stable |
| 9:59 | Crear | Villager (Male) |
| 10:02 | Investigar | Double-Bit Axe |
| 10:07 | Crear | Scout Cavalry |
| 10:17 | Crear | Spearman |
| 10:36 | Crear | Villager (Male) |
| 10:43 | Crear | Villager (Male) |
| 11:05 | Construir | Farm |
| 11:05 | Construir | Farm |
| 11:05 | Construir | Farm |
| 11:05 | Construir | Farm |
| 11:07 | Construir | Farm |
| 11:08 | Construir | Farm |
| 11:12 | Crear | Villager (Male) |
| 11:15 | Crear | Scout Cavalry |
| 11:35 | Construir | Palisade Wall |
| 11:41 | Construir | Palisade Wall |
| 11:46 | Construir | Palisade Wall |
| 11:48 | Crear | Villager (Male) |
| 11:53 | Crear | Scout Cavalry |
| 12:01 | Crear | Villager (Male) |
| 12:06 | Crear | Villager (Male) |
| 12:40 | Crear | Villager (Male) |
| 13:15 | Construir | Archery Range |
| 13:26 | Crear | Villager (Male) |
| 13:43 | Construir | Lumber Camp |
| 13:52 | Crear | Villager (Male) |
| 13:52 | Crear | Villager (Male) |
| 13:57 | Crear | Villager (Male) |
| 14:08 | Construir | Farm |
| 14:15 | Construir | Palisade Wall |
| 14:21 | Crear | Villager (Male) |
| 14:28 | Construir | Farm |
| 15:06 | Crear | Skirmisher |
| 15:06 | Crear | Skirmisher |
| 15:11 | Construir | Farm |
| 15:12 | Construir | Farm |
| 15:12 | Construir | Farm |
| 15:25 | Construir | Blacksmith |
| 15:35 | Crear | Villager (Male) |
| 15:36 | Crear | Villager (Male) |
| 15:38 | Crear | Skirmisher |
| 15:50 | Construir | Farm |
| 15:53 | Construir | Farm |
| 15:54 | Construir | Farm |
| 16:03 | Investigar | Fletching |
| 16:15 | Construir | Farm |
| 16:19 | Construir | Farm |
| 16:24 | Construir | Farm |
| 16:34 | Crear | Skirmisher |
| 16:35 | Crear | Skirmisher |
| 16:35 | Crear | Villager (Male) |
| 16:47 | Construir | Mining Camp |
| 16:49 | Crear | Villager (Male) |
| 16:54 | Construir | Farm |
| 16:55 | Construir | Farm |
| 16:55 | Construir | Farm |
| 17:01 | Crear | Skirmisher |
| 17:20 | Construir | Farm |
| 17:27 | Construir | Palisade Wall |
| 17:31 | Crear | Villager (Male) |
| 17:31 | Crear | Villager (Male) |
| 17:50 | Crear | Skirmisher |
| 17:50 | Crear | Skirmisher |
| 17:52 | Crear | Villager (Male) |
| 18:18 | Construir | Farm |
| 18:23 | Crear | Villager (Male) |
| 18:27 | Construir | Farm |
| 18:34 | Crear | Skirmisher |
| 18:47 | Construir | Palisade Wall |
| 18:52 | Construir | Palisade Wall |
| 18:56 | Crear | Villager (Male) |
| 19:01 | Construir | Market |
| 19:37 | Crear | Villager (Male) |
| 19:38 | Crear | Skirmisher |
| 19:44 | Investigar | Padded Archer Armor |
| 19:58 | Construir | Farm |
| 20:07 | Investigar | Castle Age |
| 20:07 | Investigar | Castle Age |
| 20:24 | Construir | Palisade Wall |
| 20:31 | Construir | Archery Range |
| 20:36 | Investigar | Horse Collar |
| 20:42 | Crear | Villager (Male) |
| 20:55 | Construir | Palisade Wall |
| 21:00 | Crear | Villager (Male) |
| 21:30 | Construir | Lumber Camp |
| 21:39 | Investigar | Bloodlines |
| 21:46 | Investigar | Gold Mining |
| 22:13 | Crear | Villager (Male) |
| 22:21 | Construir | Palisade Wall |
| 22:34 | Construir | Palisade Wall |
| 22:53 | Crear | Cavalry Archer ×5 |
| 22:56 | Investigar | Bodkin Arrow |
| 23:11 | Construir | Palisade Gate |
| 23:19 | Crear | Villager (Male) |
| 23:26 | Construir | University |
| 23:33 | Construir | Farm |
| 23:37 | Investigar | Bow Saw |
| 23:39 | Crear | Cavalry Archer ×2 |
| 23:48 | Crear | Cavalry Archer |
| 24:23 | Crear | Villager (Male) |
| 24:23 | Crear | Villager (Male) |
| 24:46 | Construir | Palisade Gate |
| 24:48 | Crear | Cavalry Archer ×3 |
| 25:17 | Crear | Villager (Male) |
| 25:19 | Crear | Cavalry Archer ×2 |
| 25:41 | Construir | Farm |
| 25:46 | Crear | Villager (Male) |
| 25:46 | Crear | Villager (Male) |
| 26:07 | Construir | Town Center |
| 26:17 | Crear | Cavalry Archer ×5 |
| 26:20 | Crear | Villager (Male) |
| 26:44 | Crear | Villager (Male) |
| 26:44 | Crear | Villager (Male) |
| 26:44 | Crear | Villager (Male) |
| 26:44 | Crear | Villager (Male) |
| 26:45 | Crear | Villager (Male) |
| 26:45 | Crear | Villager (Male) |
| 27:01 | Crear | Villager (Male) |
| 27:01 | Crear | Villager (Male) |
| 27:01 | Crear | Villager (Male) |
| 27:01 | Crear | Villager (Male) |
| 27:01 | Crear | Villager (Male) |
| 27:01 | Crear | Villager (Male) |
| 27:21 | Investigar | Ballistics |
Cronología de la partida
| 7:33 | vN eRaaz · first_building Barracks |
| 7:39 | Saymyname3451 · first_building Barracks |
| 8:06 | eS l Joe · first_building Barracks |
| 8:25 | x FalKo i · first_building Barracks |
| 8:33 | ZyTeK 23 · first_building Barracks |
| 9:08 | Saymyname3451 · first_building Archery Range |
| 9:23 | vN eRaaz · first_building Archery Range |
| 9:28 | x FalKo i · first_building Stable |
| 9:28 | eS l Joe · first_building Archery Range |
| 9:36 | vN eRaaz · wall_segment Palisade Wall x1 |
| 10:10 | kiff57 · first_building Barracks |
| 10:17 | Saymyname3451 · wall_segment Palisade Wall x5 |
| 10:18 | ZyTeK 23 · first_building Stable |
| 10:31 | vN eRaaz · wall_segment Palisade Wall x2 |
| 10:52 | vN eRaaz · wall_segment Palisade Wall x9 |
| 11:02 | kiff57 · first_building Stable |
| 11:31 | Saymyname3451 · wall_segment Palisade Wall x19 |
| 11:35 | x FalKo i · wall_segment Palisade Wall x9 |
| 11:41 | Saymyname3451 · wall_segment Palisade Wall x2 |
| 11:41 | x FalKo i · wall_segment Palisade Wall x17 |
| 11:46 | x FalKo i · wall_segment Palisade Wall x12 |
| 12:09 | eS l Joe · wall_segment Palisade Wall x1 |
| 12:11 | eS l Joe · wall_segment Palisade Wall x1 |
| 12:12 | eS l Joe · wall_segment Palisade Wall x1 |
| 12:53 | Saymyname3451 · wall_segment Palisade Wall x9 |
| 12:56 | Saymyname3451 · wall_segment Palisade Wall x4 |
| 13:15 | x FalKo i · first_building Archery Range |
| 14:15 | x FalKo i · wall_segment Palisade Wall x6 |
| 15:13 | ZyTeK 23 · wall_segment Palisade Wall x7 |
| 17:12 | Saymyname3451 · wall_segment Palisade Wall x5 |
| 17:24 | kiff57 · wall_segment Palisade Wall x7 |
| 17:27 | x FalKo i · wall_segment Palisade Wall x9 |
| 18:47 | x FalKo i · wall_segment Palisade Wall x1 |
| 18:52 | x FalKo i · wall_segment Palisade Wall x7 |
| 20:02 | x FalKo i · first_market_sell 100 wood |
| 20:03 | x FalKo i · first_market_buy 100 food |
| 20:05 | eS l Joe · first_building Stable |
| 20:24 | x FalKo i · wall_segment Palisade Wall x6 |
| 20:55 | x FalKo i · wall_segment Palisade Wall x5 |
| 21:14 | vN eRaaz · first_building Stable |
| 22:21 | x FalKo i · wall_segment Palisade Wall x1 |
| 22:34 | x FalKo i · wall_segment Palisade Wall x1 |
| 22:57 | vN eRaaz · first_market_sell 100 food |
| 23:00 | vN eRaaz · first_market_buy 100 food |
| 24:00 | kiff57 · first_building Archery Range |
| 24:18 | kiff57 · wall_segment Palisade Wall x18 |
| 25:46 | vN eRaaz · resign |
| 27:38 | kiff57 · first_building Castle |
| 28:01 | x FalKo i · wall_segment Palisade Wall x1 |
| 30:00 | x FalKo i · wall_segment Palisade Wall x1 |
| 31:48 | ZyTeK 23 · first_building Monastery |
| 31:48 | kiff57 · first_market_sell 100 food |
| 32:32 | ZyTeK 23 · first_building Castle |
[ ANÁLISIS IA · 1 CRÉDITO ]
¿Qué pasó realmente en esta partida?
Wolo.gg analiza cada decisión: build order, eco, micro, errores típicos por bracket. Análisis personalizado por WhatsApp o Discord en 30 segundos.
Guía civ
Etíopes
Perfil
Jugador #8363994